PA
SOUTH BEACH BLAZE @ MANCELONA TORCH
06/07/2034
 
TOP OF THE 1ST
South Beach Blaze batting - Pitching for Mancelona Torch : LHP Jong-yong Ha
Pitching: LHP Jong-yong Ha
Batting: LHB Javier López 0-0: Foul Ball, location: 2F
0-1: Foul Ball, location: 2F
0-2: Strikes out swinging
Batting: LHB Lewis Blankenship 0-0: Ball
1-0: Ball
2-0: Called Strike
2-1: Called Strike
2-2: Foul Ball, location: 2F
2-2: Reached on error, E3 (Groundball, 34S)
Batting: SHB Eisse van Opdorp 0-0: Ball
1-0: Ball
2-0: Ball
3-0: Called Strike
3-1: Called Strike
3-2: Strikes out swinging
Batting: RHB Dave Broom 0-0: Swinging Strike
0-1: Foul Ball, location: 2F
0-2: Ball
1-2: Strikes out swinging
Top of the 1st over - 0 runs, 0 hits, 1 error, 1 left on base; South Beach 0 - Mancelona 0
BOTTOM OF THE 1ST
Mancelona Torch batting - Pitching for South Beach Blaze : RHP Shalom Levasier
Pitching: RHP Shalom Levasier
Batting: LHB Duncan Witteman 0-0: Foul Ball, location: 2F
0-1: Fly out, F7 (Flyball, 7S)
Batting: LHB Charles Godard 0-0: Ground out U3 (Groundball, 34)
Batting: LHB Basava Puri 0-0: Ball
1-0: Ball
2-0: Called Strike
2-1: SINGLE (Line Drive, 4M)
Batting: LHB Ed Holte 0-0: Fly out, F9 (Line Drive, 9)
Bottom of the 1st over - 0 runs, 1 hit, 0 errors, 1 left on base; South Beach 0 - Mancelona 0
TOP OF THE 2ND
South Beach Blaze batting - Pitching for Mancelona Torch : LHP Jong-yong Ha
Batting: RHB Mark Patterson 0-0: SINGLE (Groundball, 56D)
Batting: RHB Maxence Sultanbekov 0-0: Ball
1-0: Called Strike
1-1: Ball
2-1: Foul Ball, location: 2F
2-2: Foul Ball, location: 2F
2-2: Foul Ball, location: 2F
2-2: Ball
3-2: Reached on error, E4 (Groundball, 4)
Mark Patterson to second
Batting: RHB Marcos Reyes 0-0: Fly out, F7 (Flyball, 7)
Batting: RHB Mikael Evangjeli 0-0: Ball
1-0: Ball
2-0: Called Strike
2-1: Grounds into double play, 6-4-3 (Groundball, 6)
Top of the 2nd over - 0 runs, 1 hit, 1 error, 1 left on base; South Beach 0 - Mancelona 0
BOTTOM OF THE 2ND
Mancelona Torch batting - Pitching for South Beach Blaze : RHP Shalom Levasier
Batting: RHB Marty Aspen 0-0: Ball
1-0: Ball
2-0: Called Strike
2-1: Ball
3-1: Called Strike
3-2: Fly out, F8 (Flyball, 8LM)
Batting: RHB Magtanggol Florencio 0-0: Swinging Strike
0-1: Foul Ball, location: 2F
0-2: SINGLE (Line Drive, 34D)
Batting: LHB Vasa Pantelic 0-0: Ball
1-0: Foul Ball, location: 2F
1-1: Fielders Choice at 2nd, 6-4 (Groundball, 6M)
Batting: RHB Myles O'Cronin 0-0: SINGLE (Flyball, 8RS)
Vasa Pantelic to second
Runner from 2nd tries for 3rd, SAFE, throw made to third
Batting: RHB Hjalmar Bisseling 0-0: Called Strike
0-1: Ball
1-1: Called Strike
1-2: Strikes out swinging
Bottom of the 2nd over - 0 runs, 2 hits, 0 errors, 2 left on base; South Beach 0 - Mancelona 0
TOP OF THE 3RD
South Beach Blaze batting - Pitching for Mancelona Torch : LHP Jong-yong Ha
Batting: SHB Noah Martone 0-0: Called Strike
0-1: Called Strike
0-2: Ball
1-2: Fly out, F7 (Flyball, 78M)
Batting: LHB Javier López 0-0: Ball
1-0: Ball
2-0: Called Strike
2-1: Ball
3-1: Reached on error, E8 (Flyball, 8RD)
Batting: LHB Lewis Blankenship 0-0: Ball
1-0: Ball
2-0: Ball
3-0: Called Strike
3-1: Base on Balls
Batting: SHB Eisse van Opdorp 0-0: Ball
1-0: Ball
2-0: Called Strike
2-1: Foul Ball, location: 2F
2-2: Foul Ball, location: 2F
2-2: Foul Ball, location: 2F
2-2: Ball
3-2: Foul Ball, location: 2F
3-2: Strikes out looking
Batting: RHB Dave Broom 0-0: Ball
1-0: Swinging Strike
1-1: Ball
2-1: SINGLE (Line Drive, 89M)
Javier López to third
Lewis Blankenship to second
Runner from 3rd tries for Home, SAFE, no throw
Batting: RHB Mark Patterson 0-0: Ball
1-0: Called Strike
1-1: Ball
2-1: Ball
3-1: Base on Balls
Lewis Blankenship to third
Dave Broom to second
Batting: RHB Maxence Sultanbekov 0-0: Ground out 4-3 (Groundball, 34)
Top of the 3rd over - 1 run, 1 hit, 1 error, 3 left on base; South Beach 1 - Mancelona 0
BOTTOM OF THE 3RD
Mancelona Torch batting - Pitching for South Beach Blaze : RHP Shalom Levasier
Batting: LHB Duncan Witteman 0-0: Foul Ball, location: 2F
0-1: Foul Ball, location: 2F
0-2: Strikes out swinging
Batting: LHB Charles Godard 0-0: Called Strike
0-1: Ground out 1-3 (Groundball, 13)
Batting: LHB Basava Puri 0-0: Ball
1-0: Foul Ball, location: 2F
1-1: Fly out, F9 (Flyball, 9D)
Bottom of the 3rd over - 0 runs, 0 hits, 0 errors, 0 left on base; South Beach 1 - Mancelona 0
TOP OF THE 4TH
South Beach Blaze batting - Pitching for Mancelona Torch : LHP Jong-yong Ha
Batting: RHB Marcos Reyes 0-0: Ball
1-0: Hit by Pitch
Batting: RHB Mikael Evangjeli 0-0: Ball
1-0: Ball
2-0: Ball
3-0: Called Strike
3-1: Called Strike
3-2: Base on Balls
Marcos Reyes to second
Batting: SHB Noah Martone 0-0: Called Strike
0-1: Ball
1-1: Ball
2-1: Foul Ball, location: 2F
2-2: Foul Ball, location: 2F
2-2: Ball
3-2: Grounds into double play, 6-4-3 (Groundball, 6)
Marcos Reyes to third
Pitching: LHP Raúl Hinojosa
Batting: LHB Javier López 0-0: Called Strike
0-1: SINGLE (Line Drive, 4D)
Marcos Reyes scores
Batting: LHB Lewis Blankenship 0-0: Ground out 1-3 (Groundball, 15)
Top of the 4th over - 1 run, 1 hit, 0 errors, 1 left on base; South Beach 2 - Mancelona 0
BOTTOM OF THE 4TH
Mancelona Torch batting - Pitching for South Beach Blaze : RHP Shalom Levasier
Batting: LHB Ed Holte 0-0: Called Strike
0-1: Swinging Strike
0-2: Foul Ball, location: 2F
0-2: Ball
1-2: Ball
2-2: Fly out, F8 (Flyball, 8RD)
Batting: RHB Marty Aspen 0-0: Ball
1-0: Ball
2-0: Foul Ball, location: 2F
2-1: Swinging Strike
2-2: Foul Ball, location: 2F
2-2: Ground out 6-3 (Groundball, 56)
Batting: RHB Magtanggol Florencio 0-0: Foul Ball, location: 2F
0-1: Ball
1-1: Foul Ball, location: 2F
1-2: Ground out 5-3 (Groundball, 56)
Bottom of the 4th over - 0 runs, 0 hits, 0 errors, 0 left on base; South Beach 2 - Mancelona 0
TOP OF THE 5TH
South Beach Blaze batting - Pitching for Mancelona Torch : LHP Raúl Hinojosa
Batting: SHB Eisse van Opdorp 0-0: Ball
1-0: Ball
2-0: Foul Ball, location: 2F
2-1: Ground out 6-3 (Groundball, 6)
Batting: RHB Dave Broom 0-0: Ball
1-0: Called Strike
1-1: Swinging Strike
1-2: Strikes out looking
Batting: RHB Mark Patterson 0-0: Ball
1-0: Ball
2-0: Called Strike
2-1: Ball
3-1: Base on Balls
Batting: RHB Maxence Sultanbekov 0-0: Called Strike
0-1: Swinging Strike
0-2: Strikes out swinging
Top of the 5th over - 0 runs, 0 hits, 0 errors, 1 left on base; South Beach 2 - Mancelona 0
BOTTOM OF THE 5TH
Mancelona Torch batting - Pitching for South Beach Blaze : RHP Shalom Levasier
Batting: LHB Vasa Pantelic 0-0: Ball
1-0: Called Strike
1-1: Ball
2-1: Foul Ball, location: 2F
2-2: Ball
3-2: Foul Ball, location: 2F
3-2: Ground out 1-3 (Groundball, 13S)
Batting: RHB Myles O'Cronin 0-0: Called Strike
0-1: Ground out 4-3 (Groundball, 4S)
Batting: RHB Hjalmar Bisseling 0-0: Ground out 3-1 (Groundball, 34)
Bottom of the 5th over - 0 runs, 0 hits, 0 errors, 0 left on base; South Beach 2 - Mancelona 0
TOP OF THE 6TH
South Beach Blaze batting - Pitching for Mancelona Torch : LHP Raúl Hinojosa
Batting: RHB Marcos Reyes 0-0: Called Strike
0-1: Ball
1-1: SINGLE (Line Drive, 4M)
Batting: RHB Mikael Evangjeli 0-0: Bunted foul
0-1: Sac Bunt - play at first, batter OUT! 5-4
Marcos Reyes to second
Batting: SHB Noah Martone 0-0: Ball
1-0: Ball
2-0: Ball
3-0: Base on Balls
Batting: LHB Javier López 0-0: Ball
1-0: Ball
2-0: Foul Ball, location: 2F
2-1: Swinging Strike
2-2: Ball
3-2: Strikes out looking
Batting: LHB Lewis Blankenship 0-0: Foul Ball, location: 2F
0-1: Ball
1-1: Foul Ball, location: 2F
1-2: Foul Ball, location: 2F
1-2: Strikes out swinging
Top of the 6th over - 0 runs, 1 hit, 0 errors, 2 left on base; South Beach 2 - Mancelona 0
BOTTOM OF THE 6TH
Mancelona Torch batting - Pitching for South Beach Blaze : RHP Shalom Levasier
Batting: LHB Duncan Witteman 0-0: Ball
1-0: Ball
2-0: Bunt missed!
2-1: Fly out, F8 (Flyball, 89S)
Batting: LHB Charles Godard 0-0: Ball
1-0: Ball
2-0: Called Strike
2-1: Fly out, F8 (Flyball, 89S)
Batting: LHB Basava Puri 0-0: SINGLE (Groundball, 56D)
Batting: LHB Ed Holte 0-0: 2-RUN HOME RUN (Flyball, 89XD), Distance : 427 ft
Batting: RHB Marty Aspen 0-0: Called Strike
0-1: Called Strike
0-2: Ball
1-2: Fly out, F7 (Flyball, 7LM)
Bottom of the 6th over - 2 runs, 2 hits, 0 errors, 0 left on base; South Beach 2 - Mancelona 2
TOP OF THE 7TH
South Beach Blaze batting - Pitching for Mancelona Torch : LHP Raúl Hinojosa
Batting: SHB Eisse van Opdorp 0-0: Foul Ball, location: 2F
0-1: Ball
1-1: Ball
2-1: Ball
3-1: Foul Ball, location: 2F
3-2: Foul Ball, location: 2F
3-2: DOUBLE (Line Drive, 78D)
Batting: RHB Dave Broom 0-0: Called Strike
0-1: Ball
1-1: Ball
2-1: Foul Ball, location: 2F
2-2: Foul Ball, location: 2F
2-2: Strikes out swinging
Batting: RHB Mark Patterson 0-0: Ball
1-0: Called Strike
1-1: Foul Ball, location: 2F
1-2: Foul Ball, location: 2F
1-2: Strikes out looking
Batting: RHB Maxence Sultanbekov 0-0: Ball
1-0: Ball
2-0: Called Strike
2-1: Ball
3-1: Called Strike
3-2: Base on Balls
Batting: RHB Marcos Reyes 0-0: SINGLE (Flyball, 78S)
Eisse van Opdorp to third
Maxence Sultanbekov to second
Runner from 3rd tries for Home, SAFE, throw made home
Batting: RHB Mikael Evangjeli 0-0: Ball
1-0: Ground out 3-1 (Groundball, 34)
Top of the 7th over - 1 run, 2 hits, 0 errors, 2 left on base; South Beach 3 - Mancelona 2
BOTTOM OF THE 7TH
Mancelona Torch batting - Pitching for South Beach Blaze : RHP Shalom Levasier
Batting: RHB Magtanggol Florencio 0-0: Called Strike
0-1: Foul Ball, location: 2F
0-2: Strikes out swinging
Batting: LHB Vasa Pantelic 0-0: Called Strike
0-1: Ball
1-1: Swinging Strike
1-2: Ball
2-2: Strikes out swinging
Pitching: LHP Devoid Couch
Batting: RHB Myles O'Cronin 0-0: Called Strike
0-1: Swinging Strike
0-2: Strikes out swinging
Bottom of the 7th over - 0 runs, 0 hits, 0 errors, 0 left on base; South Beach 3 - Mancelona 2
TOP OF THE 8TH
South Beach Blaze batting - Pitching for Mancelona Torch : LHP Raúl Hinojosa
Batting: SHB Noah Martone 0-0: Called Strike
0-1: Swinging Strike
0-2: Foul Ball, location: 2F
0-2: Ground out 6-3 (Groundball, 6)
Batting: LHB Javier López 0-0: Called Strike
0-1: Swinging Strike
0-2: Ball
1-2: Ball
2-2: Strikes out swinging
Batting: LHB Lewis Blankenship 0-0: Called Strike
0-1: Ball
1-1: Fly out, F9 (Line Drive, 9D)
Top of the 8th over - 0 runs, 0 hits, 0 errors, 0 left on base; South Beach 3 - Mancelona 2
BOTTOM OF THE 8TH
Mancelona Torch batting - Pitching for South Beach Blaze : LHP Devoid Couch
Batting: RHB Hjalmar Bisseling 0-0: SINGLE (Groundball, 34S) (infield hit)
Pitching: LHP Unto Leino
Batting: LHB Duncan Witteman 0-0: Ball
1-0: Swinging Strike
1-1: Swinging Strike
1-2: Strikes out swinging
Batting: LHB Charles Godard 0-0: Ground out U3 (Groundball, 3)
Hjalmar Bisseling to second
Pinch Hitting: RHB Wen Chua 0-0: Called Strike
0-1: Foul Ball, location: 2F
0-2: Ball
1-2: Ball
2-2: Ball
3-2: Foul Ball, location: 2F
3-2: Base on Balls
Batting: LHB Ed Holte 0-0: Ball
1-0: Ball
2-0: Called Strike
2-1: Called Strike
2-2: Strikes out swinging
Bottom of the 8th over - 0 runs, 1 hit, 0 errors, 2 left on base; South Beach 3 - Mancelona 2
TOP OF THE 9TH
South Beach Blaze batting - Pitching for Mancelona Torch : LHP Raúl Hinojosa
Pitching: LHP Melvin Conner
Now in LF: Wen Chua
Batting: SHB Eisse van Opdorp 0-0: Ball
1-0: SINGLE (Groundball, 6D)
Batting: RHB Dave Broom 0-0: Foul Ball, location: 2F
0-1: Fly out, F3 (Line Drive, 34)
Batting: RHB Mark Patterson 0-0: Ball
1-0: Swinging Strike
1-1: Ball
2-1: Foul Ball, location: 2F
2-2: Ball
3-2: Foul Ball, location: 2F
3-2: Fly out, F8 (Flyball, 8RD)
Batting: RHB Maxence Sultanbekov 0-0: Ball
1-0: Ball
2-0: Ball
3-0: Base on Balls
Eisse van Opdorp to second
Batting: RHB Marcos Reyes 0-0: Called Strike
0-1: Called Strike
0-2: Ball
1-2: Ball
2-2: Strikes out looking
Top of the 9th over - 0 runs, 1 hit, 0 errors, 2 left on base; South Beach 3 - Mancelona 2
BOTTOM OF THE 9TH
Mancelona Torch batting - Pitching for South Beach Blaze : LHP Unto Leino
Batting: RHB Marty Aspen 0-0: Ball
1-0: Called Strike
1-1: Ball
2-1: Foul Ball, location: 2F
2-2: Ball
3-2: Strikes out looking
Batting: RHB Magtanggol Florencio 0-0: Ball
1-0: Called Strike
1-1: Foul Ball, location: 2F
1-2: Ball
2-2: Foul Ball, location: 2F
2-2: Strikes out looking
Pinch Hitting: RHB César Rivera 0-0: Called Strike
0-1: Ball
1-1: Ball
2-1: Swinging Strike
2-2: Strikes out swinging, 2-3 out at first.
Bottom of the 9th over - 0 runs, 0 hits, 0 errors, 0 left on base; South Beach 3 - Mancelona 2
Friday, March 29th, 2019 - OOTP Baseball 18.8 Build 76